 Dungeon Crawl Stone Soup version 0.32-a0-607-g64ea0e4219 (webtiles) character file.

Game seed: 14907761025390059447

225 dialectric the Changeling (level 6, -6/37 HPs)
             Began as a Gargoyle Shapeshifter on Mar 3, 2024.
             Killed by divine providence
             ... invoked by an orc priest
              (16 damage)
             ... on level 4 of the Dungeon.
             The game lasted 00:03:07 (2873 turns).

dialectric the Changeling (Gargoyle Shapeshifter)   Turns: 2873, Time: 00:03:08

Health: -6/37      AC:  6    Str: 19    XL:     6   Next: 1%
Magic:  6/6        EV: 12    Int: 11    God:
Gold:   302        SH:  0    Dex:  9    Spells: 5/5 levels left

rFire   . . .        z - +2 short sword (drain)
rCold   . . .        (no shield)
rNeg    + . .        a - +0 animal skin
rPois   ∞            (helmet currently unavailable)
rElec   +            (cloak currently unavailable)
rCorr   .            (gloves currently unavailable)
SInv    .            (boots currently unavailable)
Will    .....        (no amulet)
Stlth   +            n - ring of wizardry
HPRegen 0.26/turn    (no ring)
MPRegen 0.10/turn

%: wizardry (x1)
@: beast-form
A: beast (slay +1), sickness immunity, AC +4, negative energy resistance 1,
electricity resistance, torment resistance 1, petrification resistance
a: Begin Untransformation, Convert to Beogh


You were on level 4 of the Dungeon.
You were a hulking beast.
You visited 1 branch of the dungeon, and saw 4 of its levels.

You collected 302 gold pieces.

Inventory:

Hand Weapons
 k - a +0 dagger of protection
 s - the +1 spear "Qetesal" {flame, rElec Str+2}
   (You found it on level 2 of the Dungeon)

   Str+2:     It affects your strength (+2).
   rElec:     It insulates you from electricity.
 x - a +0 mace
 z - a +2 short sword of draining (weapon)
Missiles
 w - 4 poisoned darts (quivered)
Armour
 a - a +0 animal skin (worn)
 t - a +0 helmet
 u - an orb of guile
Jewellery
 n - a ring of wizardry (left hand)
Talismans
 c - a beast talisman (active)
 d - a flux talisman
Scrolls
 e - 3 scrolls of vulnerability {unknown}
 g - 4 scrolls of identify {unknown}
 i - a scroll of enchant weapon {unknown}
 l - a scroll of amnesia {unknown}
 o - a scroll of enchant armour {unknown}
 q - 2 scrolls of revelation {unknown}
 r - a scroll of blinking {unknown}
 v - a scroll of teleportation {unknown}
 y - a scroll of torment {unknown}
 A - a scroll of fear {unknown}
Potions
 b - 3 potions of lignification
 f - a potion of brilliance {unknown}
 h - 3 potions of heal wounds {unknown}
 j - 2 potions of attraction {unknown}
 m - 4 potions of curing {unknown}
 p - a potion of invisibility {unknown}


   Skills:
 - Level 3.0 Fighting
 + Level 1.3 Short Blades
 * Level 1.7 Armour
 - Level 3.0 Dodging
 - Level 3.0 Unarmed Combat
 + Level 3.2 Shapeshifting


You had 5 spell levels left.
You didn't know any spells.
Your spell library contained the following spells:

 Spells                   Type           Power      Damage    Failure   Level
 Magic Dart               Conj           0%         1d3       14%         1
 Sting                    Conj/Alch      0%         1d3       14%         1
 Blink                    Tloc           0%         N/A       21%         2
 Call Imp                 Summ           0%         N/A       21%         2
 Mercury Vapours          Alch/Air       0%         N/A       21%         2
 Olgreb's Toxic Radiance  Alch           0%         N/A       77%         4


Dungeon Overview and Level Annotations

Branches:
Dungeon (4/15)
 Temple: D:4-7

Altars:
Elyvilon
Ru


Innate Abilities, Weirdness & Mutations

You are a hulking beast.
Your limbs bulge with bestial killing power. (Slay +1)
You are immune to sickness and miasma.
Your stone body is resilient. (AC +4)
You are immune to poison.
You resist negative energy. (rN+)
You are resistant to electric shocks. (rElec)
You are resistant to unholy torment.
You are immune to petrification.


Message History

The scorpion is almost dead.
The scorpion stings you but does no damage.
The scorpion barely misses you.
You closely miss the scorpion.
The scorpion is almost dead.
The scorpion completely misses you.
You barely miss the scorpion.
The scorpion is almost dead.
The scorpion closely misses you.
You hit the scorpion.
You kill the scorpion!
Your Dodging skill increases to level 3!
You have reached level 6!
e - 3 scrolls labelled ROLEREY UKAQ (gained 1)
Found a rapier.
No target in view!
An orc and 2 orc priests come into view.
Found a scroll labelled ZEIKEIXZIN.
Found a sacrificial altar of Ru.
The orc shouts!
The orc priest shouts! x2
The orc priest begins to cast a cantrip, but forgets the words!
The orc priest moves out of view.
There are monsters nearby!
No reachable target in view!
There are monsters nearby!
No reachable target in view!
No reachable target in view!
Why would you want to do that?
The orc priest calls down the wrath of Beogh upon you.
Pain shoots through your body!
The orc priest begins to cast a cantrip, but forgets the words!
The orc priest calls down the wrath of Beogh upon you.
Beogh smites you!
The orc priest mumbles some strange prayers to Beogh against you.
Beogh smites you!
* * * LOW HITPOINT WARNING * * *
The orc priest shouts, "The Pantheon deserves no one's loyalty.
Let us show you the true path!" (press Y on the ability menu to convert to Beogh)
The orc priest calls down the wrath of Beogh upon you.
Beogh smites you!
You die...

#....## #...... #<[...# #......
#.....# #...... #..>..# #......
#########.....# #.....)
#.......#.....# #......
#.......#.....###......
##..##.###.###.###.##...
#######...#..h............##.#
####...........##.###.###.##....#
....≈≈≈≈≈≈≈..#[#....[.†....#.####
≈≈≈≈o....o≈..#...##.###.##...#
....#####o≈..#.#.#.......#.#.##
####. #.≈.#..#...##.##...#..# ≈
#.≈.##.#.#.#...#.#.#.## .o
#.≈.##...#...⌠...#...# o?
#.≈..#.#.#.#...#.#.#.##


You could see 2 orc priests.

Vanquished Creatures
  A scorpion (D:4)
  A hound (D:4)
  An iguana (D:4)
  4 adders
  3 dart slugs
  10 ball pythons
  7 bats
  7 endoplasms
  A giant cockroach (D:3)
  7 goblins
  7 hobgoblins
  7 kobolds
  A quokka (D:2)
  3 frilled lizards
  3 rats
63 creatures vanquished.

Notes
Turn   | Place    | Note
-------+----------+-------------------------------------------
     0 | D:1      | dialectric the Gargoyle Shapeshifter began the quest for
                  | the Orb.
     0 | D:1      | Reached XP level 1. HP: 12/12 MP: 1/1
   316 | D:1      | Reached XP level 2. HP: 12/16 MP: 2/2
   875 | D:2      | Reached XP level 3. HP: 19/21 MP: 3/3
  1182 | D:2      | Found a white marble altar of Elyvilon.
  1567 | D:2      | Identified the +1 spear "Qetesal" {flame, rElec Str+2}
  1938 | D:3      | Reached XP level 4. HP: 27/27 MP: 4/4
  2595 | D:4      | Reached skill level 1 in Armour
  2595 | D:4      | Reached XP level 5. HP: 27/32 MP: 5/5
  2650 | D:4      | Reached skill level 1 in Short Blades
  2834 | D:4      | Reached XP level 6. HP: 34/37 MP: 6/6
  2860 | D:4      | Found a sacrificial altar of Ru.
  2873 | D:4      | Killed from afar by an orc priest

Illustrated notes

Levels and vault maps discovered:
D:1:      minmay_arrival_hallway, layout_loops_ring, minmay_misc_feat_five,
          minmay_heptomino_l4
D:2:      layout_basic, basic_altar, minmay_goblin_kobold_house
D:3:      layout_loops_ring
D:4:      layout_basic, nicolae_overflow_squiral,
          nicolae_concentric_dashed_squares_wild, minmay_gold_behind_fungi

Skill      XL: |  1  2  3  4  5 |
---------------+----------------+-----
Dodging        | 2 3 |  3.0
Fighting       | 2 3 |  3.0
Shapeshifting  | 3 |  3.2
Armour         | 1 |  1.7
Short Blades   | 1 |  1.3
Unarmed Combat | |  3.0

Action                     |  1- 3 |  4- 6 || total
---------------------------+-------+-------++-------
  Melee: Unarmed           |    49 |       ||    49
         Dagger            |   134 |    70 ||   204
         Punch             |     1 |       ||     1
         Short sword       |       |    49 ||    49
   Stab: Sleeping          |     1 |       ||     1
 Armour: Animal skin       |   114 |    78 ||   192
  Dodge: Dodged            |   107 |    81 ||   188

Table legend: (Time is in decaauts)
 A = Elapsed time spent in this place.
 B = Non-inter-level travel time spent in this place.
 C = Inter-level travel time spent in this place.
 D = Time resting spent in this place.
 E = Time spent auto-exploring this place.
 F = Levels seen in this place.
 G = Mean time per level.
                   A        B        C        D        E       F      G
               +--------+--------+--------+--------+--------+-----+--------+
         Total |   2865 |   2755 |    110 |      0 |   2153 |   4 |  716.2 |
       Dungeon |   2865 |   2755 |    110 |      0 |   2153 |   4 |  716.2 |
               +--------+--------+--------+--------+--------+-----+--------+

Top non-repeatable levels by time:
     D:2: 966 daAuts
     D:1: 811 daAuts
     D:3: 805 daAuts
     D:4: 282 daAuts
